ORI
UNIVERSITY OF ALABAMA CRIMSON TIDE @ FLORIDA STATE UNIVERSITY SEMINOLES
07/27/2046
 
TOP OF THE 1ST
University of Alabama Crimson Tide batting - Pitching for Florida State University Seminoles : RHP Harry Collette
Pitching: RHP Harry Collette
Batting: RHB Manuel Cruz 0-0: Ball
1-0: Ball
2-0: Ball
3-0: Called Strike
3-1: Swinging Strike
3-2: Strikes out swinging
Batting: LHB Aidan Roberts 0-0: Foul Ball, location: 2F
0-1: Ball
1-1: Ball
2-1: Foul Ball, location: 2F
2-2: Strikes out swinging
Batting: RHB Mitchell Sebuggwawo 0-0: Called Strike
0-1: Ball
1-1: Called Strike
1-2: Strikes out swinging
Top of the 1st over - 0 runs, 0 hits, 0 errors, 0 left on base; University of Alabama 0 - Florida State University 0
BOTTOM OF THE 1ST
Florida State University Seminoles batting - Pitching for University of Alabama Crimson Tide : RHP Tony Diaz
Pitching: RHP Tony Diaz
Batting: RHB Matt Kirschner 0-0: Ball
1-0: Ground out 4-3 (Groundball, 4, EV 103.8 MPH)
Batting: SHB Jeff Mozal 0-0: Ball
1-0: Ball
2-0: Ground out 4-3 (Groundball, 4, EV 81.9 MPH)
Batting: LHB Fred Winward 0-0: Called Strike
0-1: Called Strike
0-2: Ball
1-2: Ground out U3 (Groundball, 34, EV 85.0 MPH)
Bottom of the 1st over - 0 runs, 0 hits, 0 errors, 0 left on base; University of Alabama 0 - Florida State University 0
TOP OF THE 2ND
University of Alabama Crimson Tide batting - Pitching for Florida State University Seminoles : RHP Harry Collette
Batting: LHB Jang-jin Kym 0-0: Ball
1-0: Foul Ball, location: 2F
1-1: Called Strike
1-2: Ball
2-2: Ball
3-2: Base on Balls
Batting: RHB Angel Lemus 0-0: Ball
1-0: Ball
2-0: Grounds into double play, 6-4-3 (Groundball, 56, EV 91.2 MPH)
Batting: RHB Quincy Parks 0-0: Hit by Pitch
Batting: RHB Travis Jackson 0-0: Ball
1-0: Called Strike
1-1: Foul Ball, location: 2F
1-2: Ball
2-2: Ball
Wild Pitch!
Quincy Parks to second
3-2: Strikes out swinging
Top of the 2nd over - 0 runs, 0 hits, 0 errors, 1 left on base; University of Alabama 0 - Florida State University 0
BOTTOM OF THE 2ND
Florida State University Seminoles batting - Pitching for University of Alabama Crimson Tide : RHP Tony Diaz
Batting: LHB Esteban Chavez 0-0: Foul Ball, location: 2F
0-1: Swinging Strike
0-2: Foul Ball, location: 2F
0-2: Ball
1-2: Ball
2-2: Ball
3-2: Foul Ball, location: 2F
3-2: Foul Ball, location: 2F
3-2: Strikes out swinging
Batting: RHB Jai Barrowcliff 0-0: Ball
1-0: Ball
2-0: Called Strike
2-1: Foul Ball, location: 2F
2-2: Strikes out swinging
Batting: LHB Ron McComiskey 0-0: Called Strike
0-1: Foul Ball, location: 2F
0-2: Foul Ball, location: 2F
0-2: Ball
1-2: Ball
2-2: SINGLE (Line Drive, 7LS, EV 90.6 MPH)
Batting: LHB Appolonius Miller 0-0: Called Strike
0-1: Swinging Strike
0-2: Ball
1-2: Reached on error, E1 (Groundball, 15S, EV 75.6 MPH)
Ron McComiskey to third
Batting: RHB Bayesa Ssenyonjo 0-0: Ball
1-0: Foul Ball, location: 2F
1-1: Ball
2-1: Ball
3-1: Base on Balls
Batting: RHB Jun Tai 0-0: Foul Ball, location: 2F
0-1: Ball
1-1: Foul Ball, location: 2F
1-2: Foul Ball, location: 2F
1-2: Ball
2-2: Ball
3-2: Fly out, F3 (Popup, 3SF, EV 75.6 MPH)
Bottom of the 2nd over - 0 runs, 1 hit, 1 error, 3 left on base; University of Alabama 0 - Florida State University 0
TOP OF THE 3RD
University of Alabama Crimson Tide batting - Pitching for Florida State University Seminoles : RHP Harry Collette
Batting: RHB Felipe Leon 0-0: Ground out 1-3 (Groundball, 13S, EV 66.9 MPH)
Batting: LHB Daniel Hernandez 0-0: Called Strike
0-1: Swinging Strike
0-2: Foul Ball, location: 2F
0-2: Ball
1-2: Fly out, F8 (Line Drive, 78M, EV 86.2 MPH)
Batting: RHB Manuel Cruz 0-0: Fly out, F7 (Flyball, 7D, EV 89.4 MPH)
Top of the 3rd over - 0 runs, 0 hits, 0 errors, 0 left on base; University of Alabama 0 - Florida State University 0
BOTTOM OF THE 3RD
Florida State University Seminoles batting - Pitching for University of Alabama Crimson Tide : RHP Tony Diaz
Batting: RHB Matt Kirschner 0-0: Ground out 3-1 (Groundball, 34S, EV 86.9 MPH)
Batting: SHB Jeff Mozal 0-0: Called Strike
0-1: Ground out 6-3 (Groundball, 6S, EV 66.9 MPH)
Batting: LHB Fred Winward 0-0: Ball
1-0: Ball
2-0: Ball
3-0: Base on Balls
Batting: LHB Esteban Chavez 0-0: Ball
1-0: Ball
2-0: Ball
3-0: Called Strike
3-1: Fly out, F7 (Flyball, 7D, EV 107.5 MPH)
Bottom of the 3rd over - 0 runs, 0 hits, 0 errors, 1 left on base; University of Alabama 0 - Florida State University 0
TOP OF THE 4TH
University of Alabama Crimson Tide batting - Pitching for Florida State University Seminoles : RHP Harry Collette
Batting: LHB Aidan Roberts 0-0: Ball
1-0: Ball
2-0: Called Strike
2-1: Foul Ball, location: 2F
2-2: Strikes out swinging
Batting: RHB Mitchell Sebuggwawo 0-0: Ball
1-0: Ball
2-0: Ball
3-0: Called Strike
3-1: Base on Balls
Batting: LHB Jang-jin Kym 0-0: Ball
1-0: Foul Ball, location: 2F
1-1: Foul Ball, location: 2F
1-2: Strikes out looking
Batting: RHB Angel Lemus 0-0: Ball
1-0: Foul Ball, location: 2F
1-1: Foul Ball, location: 2F
1-2: Ball
2-2: Strikes out swinging
Top of the 4th over - 0 runs, 0 hits, 0 errors, 1 left on base; University of Alabama 0 - Florida State University 0
BOTTOM OF THE 4TH
Florida State University Seminoles batting - Pitching for University of Alabama Crimson Tide : RHP Tony Diaz
Batting: RHB Jai Barrowcliff 0-0: Ball
1-0: Ground out 5-3 (Groundball, 56, EV 82.5 MPH)
Batting: LHB Ron McComiskey 0-0: Ball
1-0: Called Strike
1-1: SINGLE (Groundball, 4M, EV 104.4 MPH)
Batting: LHB Appolonius Miller 0-0: Ball
1-0: Swinging Strike
1-1: Ball
2-1: Fly out, F7 (Flyball, 7S, EV 78.8 MPH)
Batting: RHB Bayesa Ssenyonjo 0-0: Ball
1-0: Called Strike
1-1: Ball
2-1: SINGLE (Groundball, 4M, EV 102.5 MPH) (infield hit)
Ron McComiskey to second
Batting: RHB Jun Tai 0-0: Called Strike
0-1: Foul Ball, location: 2F
0-2: Ball
1-2: Ground out 5-3 (Groundball, 56S, EV 60.6 MPH)
Bottom of the 4th over - 0 runs, 2 hits, 0 errors, 2 left on base; University of Alabama 0 - Florida State University 0
TOP OF THE 5TH
University of Alabama Crimson Tide batting - Pitching for Florida State University Seminoles : RHP Harry Collette
Now at 2B: Baltazar Zuzarte
Batting: RHB Quincy Parks 0-0: Ground out 5-3 (Groundball, 56, EV 96.9 MPH)
Batting: RHB Travis Jackson 0-0: Ball
1-0: Ball
2-0: Foul Ball, location: 2F
2-1: Swinging Strike
2-2: SINGLE (Flyball, 78S, EV 95.0 MPH)
Batting: RHB Felipe Leon 0-0: Ball
1-0: Called Strike
Travis Jackson steals 2nd base
1-1: Swinging Strike
1-2: Strikes out swinging
Batting: LHB Daniel Hernandez 0-0: Ball
1-0: Swinging Strike
1-1: Swinging Strike
1-2: Strikes out swinging
Top of the 5th over - 0 runs, 1 hit, 0 errors, 1 left on base; University of Alabama 0 - Florida State University 0
BOTTOM OF THE 5TH
Florida State University Seminoles batting - Pitching for University of Alabama Crimson Tide : RHP Tony Diaz
Pitching: LHP Sergio Lopez
Batting: RHB Baltazar Zuzarte 0-0: Foul Ball, location: 2F
0-1: Foul Ball, location: 2F
0-2: Ball
1-2: Ball
2-2: Foul Ball, location: 2F
2-2: Foul Ball, location: 2F
2-2: Ball
3-2: Foul Ball, location: 2F
3-2: Base on Balls
Batting: SHB Jeff Mozal 0-0: SINGLE (Groundball, 13, EV 91.9 MPH) (infield hit)
Baltazar Zuzarte to second
Batting: RHB Mitchell McCandless 0-0: Ball
1-0: Swinging Strike
1-1: Ball
2-1: Swinging Strike
2-2: Ball
3-2: Reached on error, E5 (Groundball, 56S, EV 82.5 MPH)
Baltazar Zuzarte to third
Jeff Mozal to second
Pinch Hitting: LHB Aleksandar Moljevic 0-0: Foul Ball, location: 2F
0-1: Grounds into fielders choice 1-2 (Groundball, 34S, EV 65.0 MPH)
Jeff Mozal to third
Mitchell McCandless to second
Batting: RHB Jai Barrowcliff 0-0: SINGLE (Groundball, 4MD, EV 96.9 MPH)
Jeff Mozal scores
Mitchell McCandless to third
Aleksandar Moljevic to second
Batting: LHB Ron McComiskey 0-0: Grounds into fielders choice U2 (Groundball, 2R, EV 68.8 MPH)
Aleksandar Moljevic to third
Jai Barrowcliff to second
Batting: LHB Appolonius Miller 0-0: Called Strike
0-1: Ball
1-1: Foul Ball, location: 2F
1-2: Fielders Choice at 2nd, 5-4 (Groundball, 56, EV 97.5 MPH)
Bottom of the 5th over - 1 run, 2 hits, 1 error, 3 left on base; University of Alabama 0 - Florida State University 1
TOP OF THE 6TH
University of Alabama Crimson Tide batting - Pitching for Florida State University Seminoles : RHP Harry Collette
Pitching: RHP Chris Barnfather
Now in CF: Joey Glass
Now in RF: Bayesa Ssenyonjo
Batting: RHB Manuel Cruz 0-0: Called Strike
0-1: Ball
1-1: Hit by Pitch
Pinch Hitting: LHB Brian Probasco 0-0: Called Strike
Manuel Cruz steals 2nd base
0-1: Called Strike
0-2: Ground out U3 (Groundball, 3S, EV 83.1 MPH)
Manuel Cruz to third
Batting: RHB Mitchell Sebuggwawo 0-0: Called Strike
0-1: Ball
1-1: Called Strike
1-2: SINGLE (Groundball, 56, EV 108.1 MPH)
Manuel Cruz scores
Pinch Hitting: RHB Alex Leiva 0-0: Swinging Strike
0-1: Called Strike
0-2: Ball
1-2: Ball
2-2: Fielders Choice at 2nd, 4-6 (Groundball, 4M, EV 83.1 MPH)
Batting: RHB Tyler Giddens 0-0: Foul Ball, location: 2F
0-1: Ball
1-1: Ball
2-1: Swinging Strike
2-2: Strikes out swinging, 2-3 out at first.
Top of the 6th over - 1 run, 1 hit, 0 errors, 1 left on base; University of Alabama 1 - Florida State University 1
BOTTOM OF THE 6TH
Florida State University Seminoles batting - Pitching for University of Alabama Crimson Tide : LHP Sergio Lopez
Pitching: RHP Andrew Wilson
Now at 2B: Felipe Leon
Now at 3B: Alex Leiva
Now in LF: Brian Probasco
Batting: RHB Bayesa Ssenyonjo 0-0: Foul Ball, location: 2F
0-1: Called Strike
0-2: Foul Ball, location: 2F
0-2: Ground out 5-3 (Groundball, 56S, EV 90.6 MPH)
Batting: RHB Jun Tai 0-0: Called Strike
0-1: Foul Ball, location: 2F
0-2: Ball
1-2: Strikes out looking
Batting: RHB Baltazar Zuzarte 0-0: Foul Ball, location: 2F
0-1: Ball
1-1: Ball
2-1: Ball
3-1: Called Strike
3-2: Base on Balls
Batting: SHB Jeff Mozal 0-0: Called Strike
0-1: Called Strike
0-2: Ball
1-2: Strikes out swinging
Bottom of the 6th over - 0 runs, 0 hits, 0 errors, 1 left on base; University of Alabama 1 - Florida State University 1
TOP OF THE 7TH
University of Alabama Crimson Tide batting - Pitching for Florida State University Seminoles : RHP Chris Barnfather
Pitching: LHP Falco Beumer
Batting: RHB Quincy Parks 0-0: Foul Ball, location: 2F
0-1: Ball
1-1: Foul Ball, location: 2F
1-2: Ball
2-2: Ball
3-2: Base on Balls
Batting: RHB Travis Jackson 0-0: Bunted foul
0-1: Bunt missed!
0-2: Fielders Choice at 2nd, 2-6 (Groundball, 2R, EV 66.2 MPH)
Batting: RHB Felipe Leon 0-0: Called Strike
0-1: Foul Ball, location: 2F
0-2: Strikes out swinging
Pinch Hitting: LHB Thie Hofmann 0-0: Ball
1-0: Called Strike
1-1: Ball
2-1: Ball
3-1: Foul Ball, location: 2F
3-2: Foul Ball, location: 2F
3-2: Foul Ball, location: 2F
3-2: Strikes out swinging
Top of the 7th over - 0 runs, 0 hits, 0 errors, 1 left on base; University of Alabama 1 - Florida State University 1
BOTTOM OF THE 7TH
Florida State University Seminoles batting - Pitching for University of Alabama Crimson Tide : RHP Andrew Wilson
Pitching: RHP Brian Gilmore
Now at 1B: Thie Hofmann
Batting: RHB Mitchell McCandless 0-0: Ball
1-0: Ball
2-0: Ball
3-0: Base on Balls
Batting: RHB Joey Glass 0-0: Ball
1-0: Ball
2-0: Ball
3-0: Swinging Strike
3-1: Foul Ball, location: 2F
3-2: Fielders Choice at 2nd, 6-4 (Groundball, 6, EV 101.9 MPH)
Batting: RHB Jai Barrowcliff 0-0: SINGLE (Groundball, 6MD, EV 102.5 MPH)
Joey Glass to second
Throwing error, E8
Joey Glass scores
Jai Barrowcliff to second
Pinch Hitting: LHB Ed Salas 0-0: Called Strike
0-1: Ball
1-1: Swinging Strike
1-2: Ball
2-2: Ball
3-2: Ground out 6-3 (Groundball, 6, EV 83.1 MPH)
Batting: LHB Appolonius Miller 0-0: Called Strike
0-1: Ground out 3-1 (Groundball, 34, EV 81.9 MPH)
Bottom of the 7th over - 1 run, 1 hit, 1 error, 1 left on base; University of Alabama 1 - Florida State University 2
TOP OF THE 8TH
University of Alabama Crimson Tide batting - Pitching for Florida State University Seminoles : LHP Falco Beumer
Pitching: LHP Dave Farr
Now at 1B: Ed Salas
Batting: RHB Manuel Cruz 0-0: Called Strike
0-1: Ball
1-1: Foul Ball, location: 2F
1-2: Foul Ball, location: 2F
1-2: Ball
2-2: Foul Ball, location: 2F
2-2: Ball
3-2: Ground out 4-3 (Groundball, 34S, EV 90.6 MPH)
Pinch Hitting: RHB Jimmy Bailey 0-0: Ball
1-0: Ground out U3 (Groundball, 3, EV 85.6 MPH)
Batting: RHB Mitchell Sebuggwawo 0-0: Ball
1-0: Foul Ball, location: 2F
1-1: Ball
2-1: Foul Ball, location: 2F
2-2: Ball
3-2: Ground out 6-3 (Groundball, 6, EV 87.5 MPH)
Top of the 8th over - 0 runs, 0 hits, 0 errors, 0 left on base; University of Alabama 1 - Florida State University 2
BOTTOM OF THE 8TH
Florida State University Seminoles batting - Pitching for University of Alabama Crimson Tide : RHP Brian Gilmore
Pitching: RHP Manny Lucero
Now in LF: Jimmy Bailey
Batting: RHB Bayesa Ssenyonjo 0-0: Foul Ball, location: 2F
0-1: Swinging Strike
0-2: Ball
1-2: Strikes out swinging
Batting: RHB Jun Tai 0-0: Foul Ball, location: 2F
0-1: Foul Ball, location: 2F
0-2: Ball
1-2: Strikes out swinging
Batting: RHB Baltazar Zuzarte 0-0: Called Strike
0-1: Ball
1-1: Foul Ball, location: 2F
1-2: Ball
2-2: Foul Ball, location: 2F
2-2: Ball
3-2: Ground out 6-3 (Groundball, 6, EV 83.8 MPH)
Bottom of the 8th over - 0 runs, 0 hits, 0 errors, 0 left on base; University of Alabama 1 - Florida State University 2
TOP OF THE 9TH
University of Alabama Crimson Tide batting - Pitching for Florida State University Seminoles : LHP Dave Farr
Pitching: RHP Ben Kuhbauer
Pinch Hitting: RHB Brett Wilk 0-0: Called Strike
0-1: Ground out 6-3 (Groundball, 6, EV 91.9 MPH)
Batting: RHB Tyler Giddens 0-0: Ball
1-0: Reached on error, E6 (Groundball, 6, EV 84.4 MPH)
Batting: RHB Quincy Parks 0-0: Fly out, F8 (Line Drive, 8LM, EV 93.1 MPH)
Batting: RHB Travis Jackson 0-0: Ball
1-0: Foul Ball, location: 2F
1-1: Fielders Choice at 2nd, 6-4 (Groundball, 6, EV 84.4 MPH)
Top of the 9th over - 0 runs, 0 hits, 1 error, 1 left on base; University of Alabama 1 - Florida State University 2
Tuesday, September 13th , 2022 - OOTP Baseball 23.7 Build 88